Map: 16-Bit LE

Players

Clem

  • Race: Terran Terran
  • League: Grandmaster
  • Spawn Location: 7:00

RiSky - Winner!

  • Race: Zerg Zerg
  • League: Master
  • Spawn Location: 1:00

Event: HomeStory Cup XVII

VOD

Have the link to the VOD?

Description

Time

  • Played on: June 28, 2018, 12:54 p.m.
  • Length: 23:47

All games in this series

Show
View Real Time Build Order
Export as new Build Order

Clem Terran 

Build Orders: Reaper Expand, Bio Tank, Hellion Banshee 

Get SALT Encoding   

  12  0:02  SCV  
  13  0:14  SCV  
  13  0:19  Supply Depot  
  14  0:27  SCV  
  15  0:40  SCV  
  15  0:41  Barracks  
  16  0:45  Refinery  
  16  0:52  SCV  
  17  1:04  SCV  
  18  1:16  SCV  
  19  1:28  Reaper  
  19  1:29  Orbital Command  
  20  1:42  Command Center  
  20  1:54  SCV  
  20  1:56  Supply Depot  
  20  2:00  Marine  
  22  2:07  Factory  
  22  2:11  SCV  
  23  2:23  SCV, Barracks Reactor  
  24  2:40  Command Center  
  24  2:42  SCV  
  26  2:59  Starport  
  26  3:02  Orbital Command  
  26  3:03  SCV  
  26  3:08  Hellion  
  30  3:13  Hellion  
  30  3:15  SCV  
  30  3:18  Barracks Tech Lab  
  31  3:22  Refinery  
  31  3:27  SCV  
  31  3:29  SCV  
  31  3:31  Hellion  
  35  3:36  Hellion  
  35  3:40  SCV  
  38  3:41  SCV  
  38  3:45  Banshee  
  42  3:52  SCV  
  42  3:54  Orbital Command  
  42  3:55  Barracks Tech Lab  
  43  3:58  Hellion  
  47  4:02  Hellion  
  47  4:03  SCV  
  47  4:05  SCV  
  49  4:15  SCV  
  49  4:17  SCV  
  49  4:20  Stimpack  
  49  4:21  Marine  
  49  4:22  SCV  
  52  4:27  Supply Depot, SCV  
  52  4:29  SCV  
  54  4:34  Factory Reactor  
  54  4:36  SCV, Barracks  
  55  4:39  Barracks, Marine, SCV  
  55  4:45  Starport Reactor  
  57  4:48  SCV x2  
  57  4:50  Supply Depot  
  59  4:52  Engineering Bay  
  59  4:56  Engineering Bay  
  59  4:57  Marine  
  59  4:59  Refinery  
  60  5:00  SCV  
  60  5:01  Refinery  
  60  5:02  SCV  
  60  5:03  SCV  
  63  5:12  Supply Depot, SCV  
  64  5:14  SCV  
  64  5:15  SCV, Marine  
  64  5:20  Supply Depot  
  67  5:24  Terran Infantry Weapons Level 1, Terran Infantry Armor Level 1  
  67  5:25  SCV  
  67  5:26  SCV  
  67  5:27  Marine x2  
  71  5:32  Marine  
  71  5:34  Supply Depot, SCV  
  73  5:37  Supply Depot, SCV  
  73  5:38  Marine x2  
  73  5:40  Medivac  
  78  5:43  Medivac  
  78  5:45  Marine x2  
  78  5:49  SCV  
  84  5:50  SCV, Marine  
  84  5:52  SCV  
  84  5:54  Widow Mine  
  84  5:56  Marine x2  
  90  5:58  Supply Depot x2  
  90  5:59  Supply Depot  
  90  6:02  SCV x2  
  92  6:04  SCV  
  92  6:06  Armory  
  93  6:12  Supply Depot, Marine x3  
  93  6:14  SCV  
  93  6:16  Siege Tank  
  100  6:19  SCV x2  
  100  6:20  Marine x2  
  100  6:25  Medivac x2  
  108  6:29  SCV  
  108  6:32  Supply Depot, Marine x3  
  108  6:35  Combat Shield  
  108  6:37  SCV x2, Hellion x5  
  108  6:38  Marine  
  114  6:41  Refinery, SCV  
  114  6:43  Refinery  
  114  6:45  Marine  
  114  6:46  Supply Depot  
  116  6:49  SCV x2  
  116  6:51  Siege Tank  
  116  6:53  SCV  
  120  7:01  SCV x2  
  120  7:04  Supply Depot  
  120  7:05  SCV, Barracks  
  120  7:06  Medivac  
  120  7:07  Medivac  
  127  7:09  Marine  
  127  7:10  Supply Depot, Marine  
  127  7:11  Barracks  
  127  7:13  SCV  
  127  7:14  SCV  
  127  7:15  Marine  
  132  7:19  Marine x2  
  132  7:20  Factory  
  130  7:26  Siege Tank, SCV x2  
  130  7:27  SCV, Marine x2  
  134  7:32  Terran Infantry Weapons Level 2  
  134  7:33  Marine  
  133  7:38  Marine x2  
  133  7:40  SCV  
  136  7:45  Marine x2  
  136  7:46  Command Center  
  136  7:50  Marine  
  139  7:52  Supply Depot  
  139  7:54  Terran Infantry Armor Level 2  
  139  7:57  Marine x3  
  142  8:00  Medivac  
  142  8:03  Marine  
  145  8:06  Supply Depot, Marine x2, Factory Tech Lab  
  145  8:08  Marine  
  145  8:11  Sensor Tower  
  147  8:14  Marine  
  147  8:16  SCV x3  
  147  8:17  Siege Tank  
  155  8:26  Supply Depot  
  155  8:27  Siege Tank  
  155  8:29  Marine x4  
  155  8:31  Barracks Reactor x2  
  155  8:32  Terran Vehicle Weapons Level 1  
  161  8:35  Marine  
  161  8:37  Supply Depot  
  161  8:39  Supply Depot  
  160  8:47  Marine x4  
  163  8:49  Siege Tank  
  163  8:50  Supply Depot  
  163  8:52  Orbital Command  
  163  8:53  Orbital Command, Marine  
  163  8:54  Orbital Command  
  164  8:59  Siege Tank  
  163  9:04  Marine  
  163  9:05  Marine x3  
  163  9:07  Marine  
  166  9:10  Marine x3  
  166  9:11  Marine, Medivac  
  166  9:12  Medivac  
  174  9:22  Siege Tank, Marine x3  
  174  9:23  Marine  
  176  9:25  Marine  
  176  9:30  Marine x2  
  182  9:31  Siege Tank  
  182  9:33  SCV  
  182  9:34  SCV  
  184  9:41  Medivac  
  184  9:42  Medivac  
  176  9:48  Refinery x2  
  176  9:50  Marine x2  
  176  9:51  Marine x5  
  183  9:53  Marine  
  183  9:54  Siege Tank  
  183  9:58  Marine  
  188  10:03  Siege Tank  
  185  10:08  Marine x2  
  185  10:11  Marine x2, Medivac x2  
  185  10:12  Planetary Fortress, Marine  
  185  10:23  Marine  
  185  10:24  Marine x3  
  185  10:26  Siege Tank, Marine x2  
  186  10:29  Marine x2  
  186  10:30  Marine  
  186  10:35  Siege Tank, Sensor Tower  
  191  10:41  Marine x2  
  191  10:42  Barracks, Marine x2  
  195  10:43  Ghost Academy, Barracks x2  
  195  10:44  Marine x2  
  195  10:47  Marine x2  
  199  10:51  Terran Infantry Weapons Level 3  
  199  10:53  Marine  
  200  11:03  Siege Tank  
  179  11:07  Marine x2  
  179  11:11  Medivac  
  163  11:15  Marine  
  163  11:16  Marine x5  
  163  11:17  Liberator, Marine  
  153  11:24  Marine  
  153  11:25  Marine  
  151  11:26  Terran Infantry Armor Level 3  
  151  11:28  Personal Cloaking  
  151  11:32  Marine x2  
  151  11:33  Marine x2  
  151  11:34  Marine x4  
  151  11:35  Marauder  
  164  11:42  Marine x3  
  164  11:43  Liberator, Command Center  
  167  11:50  Siege Tank  
  167  11:52  Marine  
  141  11:54  Siege Tank  
  141  11:56  Marauder  
  141  11:58  Marine x3  
  142  12:02  Marine x4  
  142  12:04  Marine  
  142  12:06  Liberator  
  147  12:12  Terran Vehicle Weapons Level 2  
  147  12:16  Marine  
  147  12:18  Marauder  
  147  12:22  Siege Tank  
  153  12:26  Liberator  
  153  12:27  Siege Tank  
  153  12:28  Barracks Tech Lab x2  
  153  12:29  Marine x2  
  160  12:30  Marine x4  
  160  12:31  Marine  
  160  12:33  Marine  
  167  12:38  Ghost  
  167  12:41  Command Center  
  172  12:45  Sensor Tower  
  169  12:53  Ghost x2  
  170  13:07  Marine x2, Ghost  
  170  13:10  Liberator  
  170  13:12  Refinery  
  174  13:13  Command Center  
  174  13:14  Supply Depot  
  174  13:15  Siege Tank, Refinery  
  174  13:16  Marine  
  174  13:17  Missile Turret, Marine  
  179  13:20  Siege Tank  
  179  13:23  Marine  
  181  13:30  Planetary Fortress  
  174  13:44  Marine x5  
  174  13:47  Siege Tank  
  182  13:50  Ghost  
  182  13:52  Siege Tank  
  182  13:53  Ghost  
  186  13:58  Liberator x2, Concussive Shells  
  186  14:02  Barracks Tech Lab  
  186  14:12  Ghost  
  194  14:18  Starport, Marine  
  194  14:19  Marine  
  194  14:20  Siege Tank, Fusion Core  
  194  14:22  Marine  
  194  14:23  Marine  
  198  14:26  Ghost  
  198  14:29  Marine  
  174  14:32  Marine x2, Ghost x2  
  180  14:41  Ghost  
  180  14:45  Siege Tank  
  185  14:52  Structure Armor  
  185  14:55  Ghost  
  185  14:57  Siege Tank  
  188  15:00  Ghost  
  188  15:03  Medivac  
  188  15:05  Medivac  
  178  15:07  Marine x4  
  182  15:16  Ghost x2  
  182  15:19  Marine x2  
  182  15:20  Refinery x2  
  188  15:23  Planetary Fortress  
  188  15:27  Missile Turret, Marine x3  
  188  15:28  Siege Tank  
  194  15:33  SCV x3, Medivac  
  194  15:34  Unknown x3  
  199  15:38  Marine  
  200  15:54  Starport  
  200  15:55  Nuke  
  200  15:58  Starport  
  200  15:59  Starport Tech Lab  
  200  16:01  Ghost Academy  
  200  16:05  Ghost  
  200  16:06  Marine  
  199  16:11  SCV  
  199  16:12  SCV  
  199  16:17  SCV x2  
  199  16:21  Command Center  
  198  16:29  Siege Tank  
  198  16:30  Command Center  
  198  16:31  Siege Tank, Ghost  
  195  16:38  SCV  
  195  16:39  Ghost  
  186  16:47  Marine x2  
  186  16:49  Marine x4  
  186  16:50  Marine x2  
  171  16:54  Liberator  
  171  16:59  Unknown  
  171  17:00  Marine, Ghost x2  
  169  17:01  Siege Tank  
  169  17:07  Marine, Liberator  
  169  17:08  Marine, Ghost  
  170  17:13  Liberator  
  171  17:16  Marine x3  
  171  17:17  Marine  
  171  17:18  Marine, Ghost  
  178  17:26  Advanced Ballistics  
  178  17:28  Ghost  
  183  17:37  Siege Tank  
  186  17:43  Marine x7  
  186  17:44  Marine  
  178  17:53  Ghost  
  178  17:56  Ghost  
  178  17:57  Marine  
  159  17:59  Factory Tech Lab  
  159  18:03  Ghost  
  161  18:09  Siege Tank  
  164  18:15  Ghost  
  164  18:19  Liberator  
  166  18:21  Sensor Tower  
  166  18:26  SCV x2  
  168  18:27  SCV  
  168  18:28  Liberator  
  168  18:32  Ghost  
  171  18:34  Unknown x2  
  171  18:35  Unknown  
  171  18:41  Siege Tank  
  177  18:48  Ghost  
  166  18:54  Siege Tank  
  166  18:55  Medivac  
  151  18:59  Marine  
  151  19:02  Marine x2  
  147  19:06  SCV x3  
  150  19:13  Siege Tank  
  150  19:15  Unknown  
  148  19:21  Ghost x3  
  148  19:23  SCV x2  
  155  19:25  SCV  
  145  19:31  Siege Tank  
  145  19:33  SCV  
  145  19:34  SCV  
  150  19:39  Marine  
  150  19:41  Marine x3  
  148  19:50  Medivac  
  148  19:51  Ghost  
  151  19:59  Siege Tank  
  154  20:00  Unknown x2  
  154  20:06  Siege Tank  
  138  20:15  Ghost  
  138  20:19  Liberator  
  138  20:21  Marine x2  
  138  20:24  Marine x5  
  144  20:31  Siege Tank  
  147  20:38  Siege Tank  
  153  20:47  Command Center  
  153  20:50  Ghost  
  153  20:53  Unknown  
  153  20:54  Unknown x4  
  144  21:04  Liberator  
  144  21:05  Unknown  
  144  21:08  Ghost  
  139  21:13  Ghost  
  139  21:14  Marine  
  139  21:17  Siege Tank x2, Marine x3  
  151  21:24  Liberator  
  154  21:27  Liberator  
  154  21:28  Marine x3  
  157  21:33  Marine  
  164  21:49  Siege Tank  
  164  21:52  Siege Tank  
  160  21:57  Ghost  
  160  21:59  Unknown  
  151  22:05  Ghost  
  151  22:07  Marine  
  143  22:09  Unknown x2  
  129  22:16  Orbital Command  
  129  22:18  Marine, Ghost  
  129  22:21  Siege Tank  
  127  22:24  Siege Tank  
  116  22:30  Marine x3  
  101  22:38  Ghost  
  93  22:46  Marine x3  
  93  22:47  Marine  
  93  22:50  Marine  
  90  22:53  Siege Tank  
  90  22:58  Marine x4  
  84  23:02  Marine  
  84  23:08  Marine  
  60  23:15  Marine x2  
  60  23:19  Marine x2  
  60  23:20  Marine  
Show
View Real Time Build Order
Export as new Build Order

RiSky Zerg - Winner!

Build Orders: Hatch First 

Get SALT Encoding   

  12  0:00  Drone  
  13  0:12  Overlord  
  13  0:17  Drone  
  14  0:30  Drone x2  
  14  0:34  Drone  
  17  0:52  Hatchery  
  17  0:55  Drone  
  17  0:59  Drone  
  18  1:08  Extractor  
  17  1:14  Spawning Pool  
  17  1:17  Drone  
  17  1:21  Drone  
  18  1:27  Drone  
  19  1:38  Overlord  
  19  1:49  Drone  
  20  2:00  Queen  
  23  2:01  Zergling x2  
  23  2:03  Queen  
  23  2:04  Zergling x2  
  26  2:09  Metabolic Boost  
  26  2:12  Drone  
  26  2:15  Drone  
  28  2:21  Drone  
  29  2:26  Drone  
  30  2:32  Drone  
  30  2:37  Drone  
  30  2:41  Hatchery  
  30  2:47  Overlord  
  30  2:50  Drone  
  31  2:54  Queen  
  33  3:00  Drone  
  33  3:01  Drone  
  35  3:08  Drone x2  
  35  3:10  Drone  
  38  3:14  Overlord  
  38  3:16  Drone x2  
  40  3:20  Zergling x4  
  40  3:24  Overlord  
  40  3:25  Drone  
  43  3:27  Drone  
  43  3:32  Queen  
  46  3:39  Drone  
  47  3:44  Drone  
  47  3:47  Drone x2  
  50  3:48  Overlord  
  50  3:49  Drone  
  50  3:53  Drone  
  52  3:55  Queen  
  52  3:59  Zergling x2  
  52  4:00  Overlord  
  55  4:03  Drone x2  
  55  4:05  Queen  
  55  4:06  Drone  
  55  4:08  Drone  
  61  4:13  Drone x2  
  61  4:14  Drone  
  64  4:18  Drone  
  64  4:21  Drone  
  66  4:25  Spore Crawler  
  66  4:27  Drone x2  
  66  4:30  Queen  
  66  4:31  Queen  
  69  4:34  Zergling x2  
  69  4:36  Spore Crawler  
  69  4:37  Zergling x4  
  73  4:45  Drone  
  74  4:46  Extractor  
  74  4:47  Overlord, Extractor  
  74  4:48  Evolution Chamber  
  74  4:49  Drone x3, Evolution Chamber  
  74  4:50  Drone  
  74  4:57  Overlord  
  74  5:01  Overlord  
  74  5:03  Overlord  
  74  5:05  Drone  
  74  5:06  Drone  
  76  5:07  Drone  
  76  5:11  Hatchery  
  76  5:15  Drone x3  
  76  5:16  Zerg Ground Armor Level 1  
  76  5:17  Zerg Melee Weapons Level 1  
  76  5:20  Extractor, Drone  
  76  5:21  Extractor  
  78  5:24  Overlord  
  78  5:25  Drone  
  78  5:27  Drone  
  80  5:28  Drone  
  80  5:29  Drone  
  80  5:30  Lair  
  80  5:34  Drone  
  82  5:39  Overlord  
  82  5:40  Drone  
  82  5:42  Drone  
  84  5:44  Baneling Nest  
  84  5:45  Overlord, Drone  
  84  5:47  Drone x2  
  84  5:49  Overlord  
  86  5:50  Extractor, Drone x2  
  86  5:52  Drone  
  86  5:53  Drone  
  89  5:57  Drone  
  89  6:00  Drone  
  89  6:03  Drone  
  92  6:04  Overlord  
  92  6:05  Drone  
  92  6:07  Drone  
  94  6:12  Zergling x4  
  94  6:13  Zergling x2  
  94  6:16  Zergling x4  
  94  6:17  Hatchery, Zergling x2  
  99  6:22  Zergling x8  
  99  6:24  Zergling x6  
  106  6:27  Drone  
  106  6:31  Centrifical Hooks  
  107  6:33  Drone  
  107  6:35  Hydralisk Den, Drone x2  
  107  6:36  Baneling x6  
  107  6:38  Drone  
  110  6:41  Baneling x2  
  110  6:43  Drone  
  110  6:44  Drone  
  112  6:49  Drone  
  112  6:50  Overlord  
  112  6:51  Drone  
  112  6:52  Drone x2  
  116  6:54  Drone  
  116  6:55  Baneling  
  116  6:56  Baneling x2  
  116  6:57  Baneling x4  
  117  7:02  Drone  
  117  7:03  Drone  
  117  7:04  Zergling x4  
  117  7:05  Zergling x6  
  117  7:08  Zergling x6  
  127  7:13  Zergling x4  
  129  7:18  Zergling x10  
  129  7:22  Muscular Augments  
  133  7:23  Drone  
  133  7:25  Overlord  
  133  7:26  Drone x2  
  133  7:28  Overlord  
  133  7:29  Pneumatized Carapace  
  134  7:31  Drone x3  
  134  7:35  Zerg Ground Armor Level 2, Drone, Zerg Melee Weapons Level 2  
  138  7:39  Overlord  
  138  7:40  Hydralisk  
  138  7:41  Hydralisk x2  
  144  7:46  Hydralisk x2  
  144  7:50  Infestation Pit  
  147  7:55  Hydralisk x4  
  147  7:58  Hydralisk x3  
  160  8:05  Hydralisk  
  160  8:06  Hydralisk x3  
  160  8:11  Hydralisk x3  
  172  8:24  Hydralisk x4  
  172  8:26  Overlord  
  180  8:32  Hive  
  180  8:33  Overlord x2, Hatchery  
  179  8:38  Zergling x10  
  180  8:43  Zergling x4  
  181  8:50  Grooved Spines  
  181  8:54  Baneling  
  181  8:55  Baneling x7  
  179  8:56  Zergling x22  
  179  8:58  Baneling  
  181  9:04  Zergling x2  
  181  9:05  Zergling x14  
  189  9:11  Zergling x8  
  191  9:23  Zergling x6  
  191  9:24  Zergling x6  
  195  9:30  Overlord x2  
  195  9:37  Hatchery  
  192  9:40  Zergling x14  
  192  9:43  Overlord  
  197  9:49  Overlord  
  197  9:50  Baneling x5  
  197  9:51  Zerg Missile Weapons Level 1  
  188  9:53  Baneling x4  
  188  9:59  Zergling x6  
  190  10:00  Zergling x4  
  190  10:04  Zergling x18  
  187  10:11  Zergling x2  
  187  10:12  Zergling x6  
  182  10:15  Zergling x2  
  182  10:18  Baneling x9  
  182  10:19  Baneling x5  
  182  10:20  Zergling x2  
  183  10:23  Zergling x6  
  183  10:25  Zerg Ground Armor Level 3  
  183  10:26  Hydralisk  
  182  10:30  Hydralisk x6  
  191  10:35  Hydralisk x2  
  191  10:36  Hydralisk  
  198  10:42  Zergling x2  
  198  10:43  Zergling x2  
  198  10:48  Zergling x2  
  200  10:51  Baneling  
  200  10:52  Baneling x7  
  170  11:05  Zergling x26  
  170  11:06  Zergling x10  
  170  11:10  Zergling x8  
  177  11:13  Hydralisk x2  
  177  11:18  Hydralisk x2  
  170  11:20  Queen  
  170  11:22  Hydralisk x4  
  181  11:27  Zergling x4  
  181  11:28  Zergling x12  
  181  11:30  Baneling x10  
  181  11:31  Baneling x2, Queen x2  
  193  11:35  Zergling x6  
  193  11:37  Hatchery  
  193  11:38  Baneling x3  
  195  11:40  Overseer  
  195  11:43  Zergling x8  
  192  11:49  Zergling x10  
  163  11:54  Zergling x2  
  163  11:55  Zergling x8  
  163  11:58  Zergling x4  
  163  11:59  Zergling x10  
  163  12:01  Viper x2  
  169  12:02  Overseer  
  169  12:05  Viper  
  178  12:08  Zergling x2  
  178  12:09  Zergling x4  
  178  12:12  Drone x2  
  183  12:17  Zerg Missile Weapons Level 2  
  183  12:20  Extractor, Drone x4  
  183  12:22  Extractor  
  185  12:27  Zergling x4  
  185  12:28  Zergling x6  
  190  12:33  Zergling x2  
  190  12:34  Zergling x4  
  192  12:38  Spore Crawler  
  192  12:42  Zergling x12  
  197  12:48  Spire  
  196  12:52  Zergling x8  
  196  12:58  Adrenal Glands  
  199  13:07  Zerg Melee Weapons Level 3  
  198  13:24  Baneling x6  
  198  13:25  Baneling x13, Hatchery  
  196  13:29  Zergling x2  
  196  13:30  Zergling x6  
  199  13:44  Zergling x8  
  199  13:47  Zergling x6  
  188  14:12  Greater Spire  
  188  14:13  Spire  
  132  14:32  Zergling x30  
  132  14:33  Zergling x16  
  132  14:35  Extractor  
  152  14:40  Hydralisk x14  
  152  14:43  Hydralisk x5  
  190  14:47  Baneling x5  
  190  14:48  Baneling x5, Zergling x8  
  194  14:53  Hydralisk x2  
  194  14:55  Zergling x2  
  193  15:01  Unknown, Zergling x6  
  193  15:02  Unknown  
  194  15:07  Zerg Missile Weapons Level 3  
  194  15:10  Spore Crawler  
  194  15:12  Spore Crawler  
  194  15:13  Hydralisk x3  
  187  15:16  Baneling x4  
  187  15:17  Viper x3  
  187  15:21  Extractor, Zergling x6  
  197  15:32  Zerg Flyer Armor Level 1, Zerg Flyer Weapons Level 1  
  197  15:47  Zergling x4  
  199  15:52  Evolution Chamber  
  194  16:06  Zergling x18  
  194  16:11  Baneling x16  
  197  16:32  Zergling x6  
  193  16:33  Zergling x12  
  178  16:48  Zergling x18  
  178  16:49  Zergling x12  
  178  16:53  Zergling x16  
  181  16:56  Zergling x8  
  181  16:57  Hydralisk  
  181  16:58  Hydralisk x5  
  165  17:03  Baneling x6  
  165  17:04  Baneling x5, Hydralisk  
  165  17:05  Hydralisk x6  
  165  17:08  Hydralisk x7  
  179  17:09  Hydralisk  
  193  17:17  Zergling x14  
  200  17:27  Zerg Flyer Weapons Level 2, Zerg Flyer Armor Level 2  
  200  17:35  Hatchery  
  198  17:42  Hatchery, Overseer x3  
  187  17:45  Zergling x6  
  170  17:53  Zergling x2  
  170  17:54  Zergling x30  
  170  17:58  Zergling x8  
  157  18:00  Baneling  
  157  18:01  Baneling x10  
  157  18:03  Viper x2  
  157  18:04  Viper  
  167  18:06  Hydralisk x2  
  167  18:07  Hydralisk x3  
  167  18:10  Hydralisk x2  
  167  18:11  Hydralisk x2  
  185  18:21  Zergling x16  
  193  18:29  Zergling x2  
  193  18:30  Zergling x12  
  193  18:33  Hatchery  
  199  18:39  Baneling  
  199  18:40  Baneling x8  
  186  18:50  Zergling x30  
  184  18:59  Zergling x20  
  184  19:01  Hydralisk  
  179  19:06  Hydralisk x2  
  179  19:07  Hydralisk  
  184  19:13  Zergling x8  
  184  19:21  Zergling x8  
  184  19:23  Baneling  
  188  19:28  Zergling x4  
  188  19:29  Zergling x12  
  190  19:34  Zergling x2  
  190  19:35  Zergling x4  
  174  19:48  Zergling x2  
  174  19:49  Zergling x16  
  174  19:52  Queen x2  
  177  19:55  Zergling x2  
  177  19:56  Zergling x10  
  177  19:58  Baneling  
  177  19:59  Baneling x9, Overseer x2  
  183  20:04  Hydralisk x3  
  183  20:06  Hydralisk x3  
  182  20:10  Hydralisk  
  182  20:11  Hydralisk  
  182  20:13  Hydralisk  
  177  20:18  Zergling x2  
  177  20:19  Zergling x8  
  175  20:26  Drone  
  175  20:27  Drone x3  
  174  20:33  Hydralisk x4  
  182  20:36  Hydralisk x3  
  187  20:44  Zergling x16  
  184  21:02  Zergling x22  
  182  21:08  Zergling x2  
  182  21:09  Zergling x18  
  182  21:10  Overseer x2  
  178  21:11  Overseer  
  178  21:13  Hydralisk x2  
  173  21:19  Hydralisk x4  
  173  21:22  Baneling x3  
  173  21:23  Baneling x6  
  178  21:25  Zergling x2  
  178  21:26  Zergling x12  
  184  21:33  Zergling x14  
  184  21:36  Baneling x4  
  184  21:37  Baneling x10  
  191  21:40  Zergling x2  
  191  21:41  Zergling x4  
  191  21:46  Zergling x4  
  196  21:53  Zergling x2  
  196  21:54  Zergling x12  
  182  22:02  Zergling x2  
  182  22:03  Zergling x14  
  175  22:13  Zergling x2  
  175  22:14  Zergling x18  
  158  22:18  Hydralisk  
  158  22:19  Hydralisk x2  
  152  22:23  Hydralisk  
  152  22:24  Hydralisk x2  
  143  22:30  Hydralisk  
  143  22:31  Hydralisk x4  
  143  22:33  Hydralisk x3  
  143  22:36  Hydralisk x3  
  151  22:42  Hydralisk  
  147  22:47  Zergling x12  
  153  22:56  Zergling x8  
  155  23:02  Zergling x8  
  148  23:15  Zergling x2  
  148  23:16  Zergling x14  
  148  23:18  Zergling x2  
  148  23:19  Zergling x4  
  153  23:23  Zergling x2  
  149  23:28  Zergling x6  
Tags
 
Add a new tag
Caveats
  • Supply blocks, unpowered buildings, or Contaminate may cause inaccurate times.
  • Supply counts are checked every 10 seconds.